 Dungeon Crawl Stone Soup version 0.21.1-1-g345015fe64 (webtiles) character file.

109 Ivernyr the Charmwright (level 4, -2/34 HPs)
             Began as a Demonspawn Skald on Apr 25, 2018.
             Slain by an adder (3 damage)
             ... in a sewer.
             The game lasted 00:07:44 (3156 turns).

Ivernyr the Charmwright (Demonspawn Skald)          Turns: 3156, Time: 00:07:46

Health: -2/34      AC:  4    Str: 11    XL:     4   Next: 59%
Magic:  6/7        EV:  9    Int: 15    God:
Gold:   150        SH:  0    Dex: 13    Spells: 2/7 levels left

rFire    + + .     SeeInvis .   (no weapon)
rCold    . . .     Gourm    .   (no shield)
rNeg     . . .     Faith    .   b - +1 leather armour {rF+}
rPois    .         Spirit   .   (no helmet)
rElec    .         Reflect  .   (no cloak)
rCorr    .         Harm     .   (no gloves)
MR       .....                  (no boots)
Stlth    +.........             (no amulet)
HPRegen  0.11/turn              h - ring of protection from fire
MPRegen  0.10/turn              (no ring)

@: lethally poisoned (-2 -> -10), constricted, invisible
A: talons 2
a: no special abilities


You were in a sewer.
You were hungry.

You visited 1 branch of the dungeon, and saw 3 of its levels.
You also visited: Sewer.

You collected 150 gold pieces.

Inventory:

Armour
 b - a +1 leather armour of fire resistance (worn)
Jewellery
 h - a ring of protection from fire (left hand)
Scrolls
 a - 2 scrolls of remove curse {unknown}
 g - 3 scrolls of random uselessness {unknown}
 i - a scroll of immolation {unknown}
 l - a scroll of fear {unknown}
 m - a scroll of teleportation {unknown}
Potions
 e - a potion of flight {unknown}
 f - a potion of heal wounds {unknown}
 j - a potion of lignification {unknown}
 k - a potion of brilliance {unknown}
 n - a potion of invisibility
 o - a potion of agility {unknown}
 p - 2 potions of degeneration {unknown}
 r - a potion of curing {unknown}
Books
 c - a book of Battle

   Spells                             Type                      Level
   a - Infusion                       Charms                       1
   b - Shroud of Golubria             Charms/Translocation         2
   c - Song of Slaying                Charms                       2
   d - Spectral Weapon                Hexes/Charms                 3
   e - Regeneration                   Charms/Necromancy            3
Comestibles
 d - 4 rations


   Skills:
 + Level 2.9 Fighting
   Level 1.7 Long Blades
 * Level 2.9 Armour
 - Level 1.7 Dodging
 - Level 2.0 Spellcasting
 + Level 3.3 Charms


You had 2 spell levels left.
You knew the following spells:

 Your Spells              Type           Power        Failure   Level  Hunger
a - Shroud of Golubria    Chrm/Tloc      #.........   22%         2    ###....
b - Song of Slaying       Chrm           ##......     11%         2    ###....
c - Infusion              Chrm           ##..         7%          1    #......


Dungeon Overview and Level Annotations

Branches:
Dungeon (3/15)

Altars:
Dithmenos
Elyvilon
Uskayaw

Annotations:
D:3 Dickchan's ghost, amateur NaMo


Innate Abilities, Weirdness & Mutations

You have razor-sharp toenails.


Message History

You completely miss the adder.
The adder is almost dead.
* * * LOW HITPOINT WARNING * * *
You feel sick. The adder bites you but does no damage.
The ball python barely misses you. The ball python constricts you.
You hit the adder but do no damage. Your kick misses the adder.
The adder is almost dead.
* * * LOW HITPOINT WARNING * * *
You feel sick. The adder bites you.
* * * LOW HITPOINT WARNING * * *
The ball python bites you but does no damage.
* * * LOW HITPOINT WARNING * * *
The ball python constricts you. The adder bites you but does no damage.
It was a potion of invisibility.
You fade into invisibility!
* * * LOW HITPOINT WARNING * * *
You feel sick. The ball python barely misses you.
* * * LOW HITPOINT WARNING * * *
The ball python constricts you. The adder bites you.
You die...

#≈# #≈# #≈# #≈# #≈# #†#
###########.#################
.≈≈....≈≈≈≈S≈≈≈.≈.≈.≈≈.≈≈≈≈.∩
≈....≈.≈≈≈≈S@≈≈≈.....≈.†.≈≈.∩
#############################


You could see an adder and a ball python.

Vanquished Creatures
  A bullfrog skeleton (D:3)
  2 adders
  3 worms (D:2)
  2 dart slugs
  A leopard gecko (D:2)
  An orc (D:3)
  2 ball pythons
  A giant cockroach (D:1)
  4 goblins
  3 hobgoblins
  6 jackals
  2 quokkas (D:2)
  4 bats
  2 frilled lizards
  10 kobolds
  2 rats
46 creatures vanquished.

Notes
Turn   | Place    | Note
-------+----------+-------------------------------------------
     0 | D:1      | Ivernyr the Demonspawn Skald began the quest for the Orb.
     0 | D:1      | Reached XP level 1. HP: 16/16 MP: 3/3
   136 | D:1      | Reached skill level 1 in Armour
   386 | D:1      | Gained mutation: You have sharp toenails. [demonic ancestry]
   386 | D:1      | Reached XP level 2. HP: 14/22 MP: 5/5
   853 | D:1      | Learned a level 2 spell: Song of Slaying
   856 | D:1      | Learned a level 2 spell: Shroud of Golubria
  1361 | D:2      | Found a shadowy altar of Dithmenos.
  1525 | D:2      | Reached skill level 3 in Charms
  1543 | D:2      | Reached XP level 3. HP: 15/28 MP: 2/6
  1974 | D:2      | Found a white marble altar of Elyvilon.
  1974 | D:2      | Found a hide-covered altar of Uskayaw.
  2770 | D:3      | Gained mutation: You have razor-sharp toenails. [demonic ancestry]
  2770 | D:3      | Reached XP level 4. HP: 22/34 MP: 5/7
  2927 | D:3      | Found a glowing drain.
  2932 | D:3      | Noticed Dickchan's ghost (amateur NaMo)
  2973 | Sewer    | Entered a sewer
  3156 | Sewer    | HP: 1/34 [ball python (1)]
  3156 | Sewer    | Slain by an adder

Skill      XL: |  1  2 |
---------------+-------+-----
Armour         | 1 2 |  2.9
Charms         | 3 |  3.3
Fighting       | |  2.9
Long Blades    | |  1.7
Dodging        | |  1.7
Spellcasting   | |  2.0

Action                   |  1- 3 |  4- 6 || total
-------------------------+-------+-------++-------
Melee: Falchion          |    21 |       ||    21
       Unarmed           |   200 |    70 ||   270
       Kick              |    54 |    10 ||    64
 Cast: Shroud of Golubri |     5 |     6 ||    11
       Song of Slaying   |     2 |     1 ||     3
  Use: Potion            |       |     1 ||     1
  Eat: Chunk             |     6 |     2 ||     8
Armor: Leather armour    |    63 |    41 ||   104
Dodge: Dodged            |   155 |    66 ||   221
       Rpst.: Falchion   |     2 |       ||     2
